 Dungeon Crawl Stone Soup version 0.24.0-13-gcf9b319 (webtiles) character file.

Game seed: 5817636003948784165, levelgen mode: deterministic

187 Balder the Skirmisher (level 5, -11/41 HPs)
             Began as a Demonspawn Fighter on Feb 12, 2020.
             Mangled by an ogre
             ... wielding a cursed -2 giant club
              (24 damage)
             ... on level 4 of the Dungeon.
             The game lasted 00:10:22 (3183 turns).

Balder the Skirmisher (Demonspawn Fighter)          Turns: 3183, Time: 00:10:22

Health: -11/41     AC:  9    Str: 17    XL:     5   Next: 39%
Magic:  5/5        EV:  7    Int:  9    God:
Gold:   129        SH:  9    Dex: 13    Spells: 4/4 levels left

rFire    . . .     SeeInvis .   a - +0 flail
rCold    . . .     Gourm    .   c - +0 shield
rNeg     . . .     Faith    .   b - +0 scale mail
rPois    .         Spirit   .   k - +0 helmet
rElec    .         Reflect  .   (no cloak)
rCorr    .         Harm     .   (no gloves)
MR       .....                  n - +0 pair of boots
Stlth    +.........             (no amulet)
HPRegen  0.13/turn              (no ring)
MPRegen  0.09/turn              (no ring)

@: no status effects
A: demonic guardian 1, nightstalker 1
a: no special abilities


You were on level 4 of the Dungeon.
You were not hungry.

You visited 1 branch of the dungeon, and saw 4 of its levels.

You collected 129 gold pieces.

Inventory:

Hand Weapons
 a - a +0 flail (weapon)
 e - a +2 dagger of electrocution
Missiles
 r - 3 boomerangs (quivered)
 s - 4 poisoned darts
Armour
 b - a +0 scale mail (worn)
 c - a +0 shield (worn)
 k - a +0 helmet (worn)
 n - a +0 pair of boots (worn)
Jewellery
 m - an uncursed ring of poison resistance {unknown}
 u - an uncursed ring of protection from magic {unknown}
Scrolls
 g - 2 scrolls of enchant weapon {unknown}
 i - 2 scrolls of immolation {unknown}
 j - 2 scrolls of fog {unknown}
 l - 5 scrolls of identify {unknown}
 o - 3 scrolls of noise {unknown}
 p - 3 scrolls of remove curse {unknown}
 w - a scroll of enchant armour {unknown}
Potions
 d - 2 potions of curing
 q - 2 potions of heal wounds {unknown}
 t - a potion of brilliance {unknown}
 v - a potion of flight {unknown}
Comestibles
 f - 5 rations
 h - 8 chunks of flesh


   Skills:
 * Level 3.5 Fighting
 * Level 3.0 Maces & Flails
 * Level 1.0 Throwing
 * Level 3.4 Armour
 * Level 1.1 Dodging
 * Level 1.0 Stealth
 * Level 3.4 Shields


You had 4 spell levels left.
You didn't know any spells.
Your spell library was empty.

Dungeon Overview and Level Annotations

Branches:
Dungeon (4/15)
 Temple: D:4-7

Altars:
Nemelex Xobeh
Ru


Innate Abilities, Weirdness & Mutations

A weak demonic guardian rushes to your aid.
You are slightly more attuned to the shadows.


Message History

Press: ? - help, Dir - move target cursor, f - ogre
Aim: an ogre, wielding a -2 giant club Attack!
Your shadow imp completely misses the ogre.
A worker ant comes into view.
The worker ant twitches its antennae in your direction.
Your shadow imp hits the ogre.
You sock the ogre!
The ogre is moderately wounded.
The ogre hits you with a cursed -2 giant club!
Your shield and scale mail prevent you from hitting the ogre.
The ogre is moderately wounded.
Your shadow imp barely misses the ogre.
The ogre hits you with a cursed -2 giant club!!
You barely miss the ogre.
The ogre is moderately wounded.
Your shadow imp barely misses the ogre.
The worker ant closely misses you.
The ogre hits you with a cursed -2 giant club!!
Ouch! That really hurt!
You die...

#####.####
...#.... .
...... ..
#.###.#.##.##
#...)........
######...%....
#.....5.#.#.##
#.###.O.# #
#<# #.@.# ###
#.a.# #...#
#...# #...#
....# ..#.#


You could see an ogre, a worker ant and a friendly shadow imp.

Vanquished Creatures
  3 gnolls (D:3)
  5 adders
  A worm (D:2)
  5 dart slugs
  A leopard gecko (D:2)
  2 orcs (D:2)
  A ball python (D:2)
  2 giant cockroaches
  4 goblins
  9 hobgoblins
  9 jackals
  A quokka (D:3)
  4 bats
  2 frilled lizards (D:2)
  8 kobolds
  6 rats
63 creatures vanquished.

Vanquished Creatures (collateral kills)
  An orc priest (D:3)
  An orc wizard (D:2)
  2 orcs (D:3)
  A bat (D:2)
5 creatures vanquished.

Grand Total: 68 creatures vanquished

Notes
Turn   | Place    | Note
-------+----------+-------------------------------------------
     0 | D:1      | Balder the Demonspawn Fighter began the quest for the Orb.
     0 | D:1      | Reached XP level 1. HP: 18/18 MP: 1/1
   181 | D:1      | Gained mutation: A weak demonic guardian rushes to your
                  | aid. [demonic ancestry]
   181 | D:1      | Reached XP level 2. HP: 24/24 MP: 2/2
   726 | D:2      | Gained mutation: You are slightly more attuned to the
                  | shadows. [demonic ancestry]
   726 | D:2      | Reached XP level 3. HP: 7/29 MP: 3/3
  1327 | D:2      | Reached XP level 4. HP: 31/35 MP: 4/4
  1678 | D:2      | Found a sacrificial altar of Ru.
  1850 | D:3      | Found a sparkling altar of Nemelex Xobeh.
  2145 | D:3      | Reached skill level 1 in Dodging
  2151 | D:3      | Reached XP level 5. HP: 7/41 MP: 5/5
  2974 | D:3      | Reached skill level 1 in Throwing
  2974 | D:3      | Reached skill level 1 in Stealth
  3174 | D:4      | Noticed an ogre
  3183 | D:4      | Mangled by an ogre

Levels and vault maps discovered:
D:1:      dpeg_arrival_boxes_within_box, layout_basic, minmay_door_square
D:2:      layout_rooms, nicolae_ru_sacrificial_ziggurat
D:3:      layout_basic, nemelex_xobeh_ov_fountains_minmay
D:4:      layout_basic, old_standard_altar, first_ration, serial_shops,
          nicolae_shop_window_shopping, nicolae_shop_trees,
          nicolae_shop_waterfront, trog_eyes_of_draining

Skill      XL: |  1  2  3  4  5 |
---------------+----------------+-----
Armour         | 3 |  3.4
Maces & Flails | 2 3 |  3.0
Shields        | 3 |  3.4
Dodging        | 1 |  1.1
Throwing       | 1 |  1.0
Stealth        | 1 |  1.0
Fighting       | |  3.5

Action                   |  1- 3 |  4- 6 || total
-------------------------+-------+-------++-------
Melee: Flail             |   111 |   114 ||   225
Throw: Javelin           |    13 |       ||    13
       Boomerang         |       |    23 ||    23
  Use: Potion            |     1 |     1 ||     2
 Stab: Sleeping          |       |     1 ||     1
  Eat: Chunk             |     2 |     6 ||     8
Armor: Scale mail        |    64 |    42 ||   106
Dodge: Dodged            |    44 |    33 ||    77
Block: Shield            |    57 |    69 ||   126
